 Dungeon Crawl Stone Soup version 0.28-a0-577-gb193047a1f (webtiles) character file.

Game seed: 13598612738026304002

267 pokedragonboy the Skirmisher (level 6, -7/39 HPs)
             Began as a Gargoyle Fighter on Oct 1, 2021.
             Killed from afar by Dowan (15 damage)
             ... with a stone arrow
             ... on level 6 of the Dungeon.
             The game lasted 00:04:12 (3053 turns).

pokedragonboy the Skirmisher (Gargoyle Fighter)     Turns: 3053, Time: 00:04:12

Health: -7/39      AC: 14    Str: 21    XL:     6   Next: 21%
Magic:  15/15      EV:  9    Int:  9    God:
Gold:   192        SH:  4    Dex:  9    Spells: 5/5 levels left

rFire   . . .      SeeInvis .   a - +0 war axe
rCold   . . .      Faith    .   c - +0 buckler
rNeg    + . .      Spirit   .   b - +0 scale mail
rPois   ∞          Reflect  .   (no helmet)
rElec   +          Harm     .   (no cloak)
rCorr   .          Rampage  .   f - +2 pair of gloves {archery}
Will    .....                   (no boots)
Stlth   ..........              (no amulet)
HPRegen 0.13/turn               h - ring of magical power
MPRegen 0.14/turn               (no ring)

@: mighty
A: sickness immunity, AC +4, negative energy resistance 1, electricity
resistance, torment resistance 1, petrification resistance
a: no special abilities


You were on level 6 of the Dungeon.
You visited 1 branch of the dungeon, and saw 5 of its levels.

You collected 192 gold pieces.

Inventory:

Hand Weapons
 a - a +0 war axe (weapon)
Missiles
 l - a javelin (quivered)
Armour
 b - a +0 scale mail (worn)
 c - a +0 buckler (worn)
 f - a +2 pair of gloves of archery (worn)
Jewellery
 h - a ring of magical power (left hand)
Wands
 m - a wand of acid (11)
Scrolls
 e - 3 scrolls of identify
 g - 2 scrolls of teleportation
 i - 2 scrolls of vulnerability
 k - a scroll of fear {unknown}
 n - a scroll of enchant armour {unknown}
Potions
 j - 2 potions of heal wounds
 o - a potion of curing


   Skills:
 + Level 4.4 Fighting
 * Level 3.8 Axes
 + Level 1.1 Throwing
 + Level 4.4 Armour
 - Level 4.0 Shields


You had 5 spell levels left.
You didn't know any spells.
Your spell library was empty.

Dungeon Overview and Level Annotations

Branches:
Dungeon (4/15)
 Temple: D:4-7

Altars:
Elyvilon
Uskayaw

Shops:
D:1 *

Annotations:
D:6 Dowan


Innate Abilities, Weirdness & Mutations

You are immune to sickness and miasma.
Your stone body is resilient. (AC +4)
You are immune to poison.
You resist negative energy. (rN+)
You are resistant to electric shocks. (rElec)
You are resistant to unholy torment.
You are immune to petrification.


Message History

Dowan screams, "No!
No!"
Dowan seems to find hidden reserves of power!
You completely miss Dowan. Dowan hits you with a +0 dagger.
* * * LOW HITPOINT WARNING * * *
Dowan barely misses you.
Dowan points at you and mumbles some strange words.
You block the stone arrow.
Your Throwing skill increases to level 1!
You have reached level 6!
Your experience leads to an increase in your attributes!
Increase (S)trength, (I)ntelligence, or (D)exterity?
You feel stronger.
You closely miss Dowan.
Dowan is heavily wounded.
Dowan casts a spell.
Dowan blinks!
Throw: 4 javelins
Press: ? - help, Q - select action, (/) - cycle Shift-Dir - straight line, f - Dowan
Aim: Dowan, wielding a +0 dagger and wearing a +0 robe (heavily wounded, fast, 51% to hit)
You throw a javelin. The javelin closely misses Dowan.
You hear a splash.
Throw: 3 javelins
Press: ? - help, Q - select action, (/) - cycle Shift-Dir - straight line, f/p - Dowan
Aim: Dowan, wielding a +0 dagger and wearing a +0 robe (heavily wounded, fast, 51% to hit)
You throw a javelin. The javelin barely misses Dowan.
Throw: 2 javelins
Press: ? - help, Q - select action, (/) - cycle Shift-Dir - straight line, f/p - Dowan
Aim: Dowan, wielding a +0 dagger and wearing a +0 robe (heavily wounded, fast, 51% to hit)
You throw a javelin. The javelin closely misses Dowan.
Unknown command.
You hit Dowan.
Dowan is severely wounded.
Dowan hits you with a +0 dagger.
* * * LOW HITPOINT WARNING * * *
Dowan hits you but does no damage.
You hit Dowan.
Dowan is severely wounded.
Dowan points at you and mumbles some strange words.
The stone arrow hits you!
You die...

.. ....(≈( ♣♣♣ #.
....≈≈P .P. #.
.....PP♣♣.♣♣ #
#.#....P.♣♣P..♣♣ .#
#......♣.♣P...P♣.♣
#......♣P..._b...♣
#..e...♣.♣....P♣
#.@)...P.♣♣P.P♣
...............♣♣.♣♣.P..
############≈≈P..P...≈≈.
....≈≈.P♣♣♣P.≈≈.
####.#.## .#.#. .. #. #
.. ## #. # .. #.


You could see Dowan (fast).

Vanquished Creatures
  Duvessa (D:6)
  A jelly (D:4)
  4 gnolls (D:3)
  6 adders
  2 dart slugs (D:1)
  2 ball pythons
  3 bats
  An endoplasm (D:1)
  2 giant cockroaches
  A goblin (D:2)
  4 hobgoblins
  3 jackals (D:3)
  2 quokkas (D:3)
  2 frilled lizards (D:2)
  6 kobolds
  6 rats
46 creatures vanquished.

Vanquished Creatures (others)
  A plant (D:1)
1 creature vanquished.

Grand Total: 47 creatures vanquished

Notes
Turn   | Place    | Note
-------+----------+-------------------------------------------
     0 | D:1      | pokedragonboy the Gargoyle Fighter began the quest for the
                  | Orb.
     0 | D:1      | Reached XP level 1. HP: 14/14 MP: 1/1
    52 | D:1      | Found Poson's General Store.
   359 | D:1      | Reached XP level 2. HP: 18/19 MP: 2/2
   382 | D:1      | Found a faded altar of an unknown god.
   946 | D:2      | Reached XP level 3. HP: 21/23 MP: 3/3
  1525 | D:2      | Reached XP level 4. HP: 22/29 MP: 4/4
  1843 | D:3      | Found a hide-covered altar of Uskayaw.
  2348 | D:3      | Reached XP level 5. HP: 33/33 MP: 5/5
  3031 | D:4      | You fall into a shaft and drop 2 floors!
  3031 | D:6      | Noticed Duvessa
  3031 | D:6      | Noticed Dowan
  3033 | D:6      | Found a white marble altar of Elyvilon.
  3047 | D:6      | Killed Duvessa
  3048 | D:6      | Reached skill level 1 in Throwing
  3048 | D:6      | Reached XP level 6. HP: 10/39 MP: 6/6
  3053 | D:6      | Killed from afar by Dowan

Illustrated notes

Levels and vault maps discovered:
D:1:      tarquinn_simple_flora_water_e, layout_loops_ring, serial_shops,
          nicolae_square_shop, shapermc_ecumenical_altar_mp_urbaneastern,
          chequers_jeans
D:2:      layout_loops_ring, minmay_misc_feat_square
D:3:      layout_loops_corners, nicolae_uskayaw_murder_on_the_dancefloor
D:4:      layout_loops_ring, nicolae_tso_carved_into_rock,
          mainiacjoe_overflow_24_doors, grunt_temple_overflow_open,
          uniq_eustachio
D:6:      layout_basic, amcnicky_altar_gilded, nicolae_elyvilon_peaceful_grove,
          nicolae_shop_gadgets, uniq_duvessa

Skill      XL: |  1  2  3  4  5 |
---------------+----------------+-----
Axes           | 2 3 |  3.8
Fighting       | 4 |  4.4
Armour         | 4 |  4.4
Shields        | 4 |  4.0
Throwing       | 1 |  1.1

Action                   |  1- 3 |  4- 6 || total
-------------------------+-------+-------++-------
Melee: War axe           |    95 |    80 ||   175
Throw: Javelin           |       |     3 ||     3
  Use: Scroll            |       |     4 ||     4
       Potion            |       |     1 ||     1
Armor: Scale mail        |    58 |    31 ||    89
Dodge: Dodged            |    56 |    39 ||    95
Block: Buckler           |    24 |    26 ||    50

Table legend: (Time is in decaauts)
 A = Elapsed time spent in this place.
 B = Non-inter-level travel time spent in this place.
 C = Inter-level travel time spent in this place.
 D = Time resting spent in this place.
 E = Time spent auto-exploring this place.
 F = Levels seen in this place.
 G = Mean time per level.
                   A        B        C        D        E       F      G
               +--------+--------+--------+--------+--------+-----+--------+
         Total |   3115 |   3023 |     92 |    348 |   2229 |   5 |  623.0 |
       Dungeon |   3115 |   3023 |     92 |    348 |   2229 |   5 |  623.0 |
               +--------+--------+--------+--------+--------+-----+--------+

Top non-repeatable levels by time:
     D:3: 982 daAuts
     D:1: 935 daAuts
     D:2: 816 daAuts
     D:4: 354 daAuts
     D:6: 27 daAuts
